 Dungeon Crawl Stone Soup version 0.26-a0-667-g92642533e4 (webtiles) character file.

Game seed: 7743930676488540808

404 grandjackal the Ducker (level 6, -5/43 HPs)
             Began as a Demonspawn Gladiator on Oct 17, 2020.
             Was an Initiate of Okawaru.
             Slain by a phantom (6 damage)
             ... on level 4 of the Dungeon.
             The game lasted 00:03:41 (3290 turns).

grandjackal the Ducker (Demonspawn Gladiator)       Turns: 3290, Time: 00:03:41

Health: -5/43      AC: 10    Str: 16 (17) XL:     6   Next: 56%
Magic:  7/7        EV: 13    Int:  9      God:    Okawaru [......]
Gold:   226        SH:  0    Dex: 14      Spells: 5/5 levels left

rFire    + . .     SeeInvis +   a - +0 long sword
rCold    . . .     Faith    .   (no shield)
rNeg     . . .     Spirit   .   k - +0 scale mail
rPois    .         Reflect  .   f - +2 hat
rElec    .         Harm     .   l - +1 cloak
rCorr    .         Rampage  .   (no gloves)
MR       .....                  (no boots)
Stlth    ..........             (no amulet)
HPRegen  0.14/turn              p - ring of protection from fire
MPRegen  0.10/turn              (no ring)

@: no status effects
A: repulsion field 1, see invisible, deterioration 1, frail 1, powered by death
2, powered by pain 1
a: Renounce Religion


You were on level 4 of the Dungeon.
You worshipped Okawaru.
Okawaru was noncommittal.
You visited 1 branch of the dungeon, and saw 4 of its levels.

You collected 226 gold pieces.

Inventory:

Hand Weapons
 a - a +0 long sword (weapon)
Missiles
 d - 3 throwing nets (quivered)
 q - 4 curare-tipped darts
Armour
 c - a +0 helmet
 f - a +2 hat (worn)
 k - a +0 scale mail (worn)
 l - a +1 cloak (worn)
Jewellery
 p - a ring of protection from fire (left hand)
Scrolls
 b - a scroll of enchant armour {unknown}
 e - a scroll of teleportation {unknown}
 g - 6 scrolls of remove curse {unknown}
 i - 4 scrolls of identify {unknown}
 j - a scroll of fear {unknown}
 m - 2 scrolls of amnesia {unknown}
 n - a scroll of magic mapping {unknown}
 o - a scroll of blinking {unknown}
 s - a scroll of immolation {unknown}
Potions
 h - a potion of brilliance
 r - a potion of flight {unknown}


   Skills:
 + Level 3.8 Fighting
 + Level 4.0 Long Blades
 - Level 1.7 Throwing
 + Level 2.5 Armour
 + Level 4.1 Dodging
 + Level 1.8 Invocations


You had 5 spell levels left.
You didn't know any spells.
Your spell library was empty.

Dungeon Overview and Level Annotations

Branches:
Dungeon (4/15)
 Temple: D:4-7

Altars:
Okawaru


Innate Abilities, Weirdness & Mutations

You are surrounded by a mild repulsion field. (EV +2)
You regenerate health from kills.
You sometimes gain a little power by taking damage.
You have supernaturally acute eyesight. (SInv)
Your body sometimes deteriorates upon taking damage.
You are frail. (-10% HP)


Message History

The phantom blinks!
You barely miss the phantom.
The phantom is heavily damaged.
The phantom blinks!
The phantom hits you.
* * * LOW HITPOINT WARNING * * *
The phantom blinks!
Found 23 stones.
You closely miss the phantom.
The phantom is severely damaged.
The phantom hits you.
* * * LOW HITPOINT WARNING * * *
The phantom barely misses you.
You riposte.
Your scale mail prevents you from hitting the phantom.
The phantom is heavily damaged.
The phantom hits you but does no damage.
You hit the phantom.
The phantom is severely damaged.
The phantom hits you but does no damage.
The phantom hits you.
You die...

.$. #........
.(......##.......
..........#[.....
........ .......
........##......##
.........#.#..#..###
....................
.......W...#<###
.......#@W.....##
..........####..## .
.....>......###..###...
........###....#.......
......#.# ####.........
........# #######...
#####.### ##


You could see 2 phantoms.

Vanquished Creatures
  Sigmund (D:2)
  A bullfrog (D:3)
  An orc wizard (D:3)
  Crazy Yiuf (D:2)
  5 adders
  4 worms
  A dart slug (D:3)
  2 leopard geckos
  11 orcs (D:3)
  5 bats
  A giant cockroach (D:3)
  6 goblins
  5 hobgoblins
  3 quokkas
  A ball python (D:2)
  2 frilled lizards (D:1)
  7 kobolds
  7 rats
64 creatures vanquished.

Notes
Turn   | Place    | Note
-------+----------+-------------------------------------------
     0 | D:1      | grandjackal the Demonspawn Gladiator began the quest for
                  | the Orb.
     0 | D:1      | Reached XP level 1. HP: 16/16 MP: 1/1
   373 | D:1      | Gained mutation: You regenerate a little health from kills.
                  | [demonic ancestry]
   373 | D:1      | Reached XP level 2. HP: 22/22 MP: 2/2
   960 | D:2      | Found a runed translucent door.
   961 | D:2      | Noticed Crazy Yiuf
  1183 | D:2      | Gained mutation: You sometimes gain a little power by
                  | taking damage. [demonic ancestry]
  1183 | D:2      | Reached XP level 3. HP: 16/28 MP: 3/3
  1493 | D:2      | Reached skill level 1 in Armour
  1645 | D:2      | Noticed Sigmund
  1665 | D:2      | Gained mutation: You are frail. (-10% HP) [potion of
                  | mutation]
  1665 | D:2      | Gained mutation: Your body sometimes deteriorates upon
                  | taking damage. [potion of mutation]
  1665 | D:2      | Gained mutation: You have supernaturally acute eyesight.
                  | (SInv) [potion of mutation]
  1681 | D:2      | Killed Sigmund
  1681 | D:2      | Reached XP level 4. HP: 11/31 MP: 4/4
  1681 | D:2      | Gained mutation: You regenerate health from kills. [demonic
                  | ancestry]
  1681 | D:2      | Reached XP level 5. HP: 13/36 MP: 5/5
  1888 | D:2      | Found an iron altar of Okawaru.
  1897 | D:2      | Became a worshipper of Warmaster Okawaru
  2034 | D:2      | Killed Crazy Yiuf
  2437 | D:3      | Gained mutation: You are surrounded by a mild repulsion
                  | field. (EV +2) [demonic ancestry]
  2437 | D:3      | Reached XP level 6. HP: 42/42 MP: 6/6
  2452 | D:3      | Reached skill level 1 in Invocations
  3287 | D:4      | HP: 2/43 [phantom (6)]
  3290 | D:4      | Slain by a phantom

Illustrated notes

Levels and vault maps discovered:
D:1:      enne_arrival_octagon_isle, layout_basic
D:2:      layout_loops_corners, kennysheep_okawaru_gauntlet, feat_on_display,
          uniq_crazy_yiuf_cottage, uniq_sigmund
D:3:      layout_loops_corners
D:4:      layout_rooms, temple_statues, nrook_mini_vaults, uniq_eustachio

Skill      XL: |  1  2  3  4  5  6 |
---------------+-------------------+-----
Long Blades    | 3 4 |  4.0
Dodging        | 3 4 |  4.1
Armour         | 2 |  2.5
Fighting       | 3 |  3.8
Invocations    | 1 |  1.8
Throwing       | |  1.7

Action                   |  1- 3 |  4- 6 || total
-------------------------+-------+-------++-------
Melee: Long sword        |    97 |   169 ||   266
Throw: Throwing net      |     2 |       ||     2
  Use: Potion            |     4 |       ||     4
Armor: Scale mail        |    35 |    73 ||   108
       Leather armour    |     2 |       ||     2
Dodge: Dodged            |    60 |   115 ||   175
       Rpst.: Long sword |    16 |    29 ||    45

Table legend: (Time is in decaauts)
 A = Elapsed time spent in this place.
 B = Non-inter-level travel time spent in this place.
 C = Inter-level travel time spent in this place.
 D = Time resting spent in this place.
 E = Time spent auto-exploring this place.
 F = Levels seen in this place.
 G = Mean time per level.
                   A        B        C        D        E       F      G
               +--------+--------+--------+--------+--------+-----+--------+
         Total |   3329 |   3172 |    157 |    227 |   2287 |   4 |  832.2 |
       Dungeon |   3329 |   3172 |    157 |    227 |   2287 |   4 |  832.2 |
               +--------+--------+--------+--------+--------+-----+--------+

Top non-repeatable levels by time:
     D:2: 1336 daAuts
     D:3: 1129 daAuts
     D:1: 796 daAuts
     D:4: 66 daAuts
